 Dungeon Crawl Stone Soup version 0.30-a0-371-gad7725a93e (webtiles) character file.

Game seed: 5620206674774442081

86 McGhostyFace the Firebug (level 4, -7/34 HPs)
             Began as a Gnoll Wanderer on Nov 21, 2022.
             Mangled by a gnoll
             ... wielding a +0 flail
              (12 damage)
             ... on level 3 of the Dungeon.
             The game lasted 00:05:40 (2399 turns).

McGhostyFace the Firebug (Gnoll Wanderer)           Turns: 2399, Time: 00:05:43

Health: -7/34      AC:  4    Str: 10    XL:     4   Next: 49%
Magic:  5/8        EV: 14    Int: 11    God:
Gold:   105        SH:  0    Dex: 15    Spells: 8/9 levels left

rFire   . . .      SeeInvis .    a - +0 hand axe
rCold   . . .      Faith    .    (no shield)
rNeg    + . .      Spirit   .    d - +0 leather armour
rPois   .          Reflect  .    f - +0 hat
rElec   .          Harm     .    b - +0 cloak
rCorr   .          Rampage  .    (no gloves)
Will    .....                    (no boots)
Stlth   ++........               (no amulet)
HPRegen 0.25/turn                k - ring of positive energy
MPRegen 0.11/turn                (no ring)

@: very slightly contaminated
A: fangs 1, strong nose, distributed training
a: no special abilities


You were on level 3 of the Dungeon.
You visited 1 branch of the dungeon, and saw 3 of its levels.

You collected 105 gold pieces.

Inventory:

Hand Weapons
 a - a +0 hand axe (weapon)
Missiles
 h - 9 poisoned darts
 s - a throwing net
Armour
 b - a +0 cloak (worn)
 d - a +0 leather armour (worn)
 f - a +0 hat (worn)
Jewellery
 k - a ring of positive energy (left hand)
Scrolls
 e - 2 scrolls of fear {unknown}
 g - a scroll of immolation {unknown}
 l - 3 scrolls of identify {unknown}
 m - a scroll of brand weapon {unknown}
 o - a scroll of magic mapping {unknown}
 p - a scroll of teleportation {unknown}
 q - 2 scrolls of fog {unknown}
Potions
 c - a potion of attraction
 i - a potion of curing
 j - 2 potions of haste {unknown}
 n - a potion of experience {unknown}
 r - a potion of heal wounds {unknown}


   Skills:
 + Level 2.8 Fighting
 + Level 1.2 Short Blades
 + Level 1.2 Long Blades
 + Level 2.8 Axes
 + Level 1.2 Maces & Flails
 + Level 1.2 Polearms
 + Level 1.2 Staves
 + Level 1.2 Ranged Weapons
 + Level 1.2 Throwing
 + Level 1.2 Armour
 + Level 6.6 Dodging
 + Level 1.2 Stealth
 + Level 1.2 Shields
 + Level 1.2 Unarmed Combat
 + Level 3.0 Spellcasting
 + Level 1.0 Conjurations
 + Level 1.0 Hexes
 + Level 1.0 Summonings
 + Level 1.0 Necromancy
 + Level 1.0 Translocations
 + Level 1.0 Transmutations
 + Level 7.1 Fire Magic
 + Level 1.0 Ice Magic
 + Level 1.0 Air Magic
 + Level 1.0 Earth Magic
 + Level 1.0 Poison Magic
 + Level 1.3 Invocations
 + Level 1.2 Evocations


You had 8 spell levels left.
You knew the following spells:

 Your Spells              Type           Power      Damage    Failure   Level
a - Foxfire               Conj/Fire      40%        2x1d6     6%          1

Your spell library contained the following spells:

 Spells                   Type           Power      Damage    Failure   Level
 Scorch                   Fire           34%        2d6       2%          2
 Ignite Poison            Fire/Tmut/Pois 8%         N/A       30%         3
 Summon Guardian Golem    Hex/Summ       3%         N/A       56%         3
 Orb of Destruction       Conj           1%         9d5       100%        7
 Spellforged Servitor     Conj/Summ      1%         N/A       100%        7


Dungeon Overview and Level Annotations

Branches:
Dungeon (3/15)

Altars:
Okawaru


Innate Abilities, Weirdness & Mutations

You have very sharp teeth.
Your uncanny sense of smell can sniff out nearby items.
Your experience applies equally to all skills.


Message History

Okay, then.
You slide downwards.
The hatch slams shut behind you.
The gnoll shouts! x2; The frilled lizard hisses angrily.
The gnoll shouts! x2
Found a scroll labelled IMUICARYMA and 11 gold pieces.
You conjure some foxfire!
The endoplasm quivers.
The gnoll hits you with a +0 flail!
You conjure some foxfire!
The gnoll closely misses you.
The gnoll hits you from afar with a +4 spear.
The gnoll closely misses you.
You miscast Foxfire.
You are very lightly contaminated with residual magic.
Nothing appears to happen.
The foxfire hits the gnoll.
The gnoll is lightly wounded.
The foxfire hits the gnoll.
The gnoll is moderately wounded.
The foxfire hits the gnoll.
The gnoll is moderately wounded.
The foxfire hits the gnoll.
The gnoll is heavily wounded.
The gnoll hits you from afar with a +4 spear.
The gnoll barely misses you.
You are too injured to fight recklessly!
You are too injured to fight recklessly!
You are too injured to fight recklessly!
You are too injured to fight recklessly!
Unknown command.
The gnoll attacks as you move away! The gnoll hits you with a +0 club.
* * * LOW HITPOINT WARNING * * *
The gnoll attacks as you move away! The gnoll hits you with a +0 flail.
* * * LOW HITPOINT WARNING * * *
The gnoll attacks as you move away! The gnoll hits you with a +0 club.
* * * LOW HITPOINT WARNING * * *
It was a potion of curing.
You feel better.
The gnoll hits you from afar with a +4 spear.
* * * LOW HITPOINT WARNING * * *
The gnoll hits you with a +0 club.
* * * LOW HITPOINT WARNING * * *
The gnoll hits you with a +0 flail!
You die...

. #.# .. ....#
... ....# ....
....#
.....###+##....#
.##.....g.......∆
.......@g...#
.##....gJl..##∆
#......g...#
.................
..#..?...##..#.#.
..$......# ....#
.##....... .###
#..##### .# #.. ∆
#


You could see 4 gnolls, an endoplasm and a frilled lizard.

Vanquished Creatures
  Robin (D:2)
  An adder (D:2)
  2 worms (D:2)
  A dart slug (D:1)
  8 ball pythons
  6 endoplasms
  2 giant cockroaches (D:1)
  7 hobgoblins
  2 quokkas
  4 bats
  3 frilled lizards (D:1)
  11 goblins
  A kobold (D:1)
  5 rats (D:1)
54 creatures vanquished.

Vanquished Creatures (others)
  77 foxfires
77 creatures vanquished.

Grand Total: 131 creatures vanquished

Notes
Turn   | Place    | Note
-------+----------+-------------------------------------------
     0 | D:1      | McGhostyFace the Gnoll Wanderer began the quest for the
                  | Orb.
     0 | D:1      | McGhostyFace set off with the following items: a +0 hand
                  | axe, a +0 cloak, a potion of attraction, a +0 leather
                  | armour; and the following spell memorised: Foxfire; and the
                  | following spells available to memorise: Scorch, Ignite
                  | Poison.
     0 | D:1      | Reached XP level 1. HP: 17/17 MP: 4/4
   137 | D:1      | Reached XP level 2. HP: 23/23 MP: 5/5
   753 | D:1      | Reached XP level 3. HP: 27/28 MP: 1/7
  1190 | D:2      | Found an iron altar of Okawaru.
  1259 | D:2      | Noticed Robin
  1262 | D:2      | Reached skill level 1 in Invocations
  1272 | D:2      | Reached skill level 1 in Short Blades
  1272 | D:2      | Reached skill level 1 in Long Blades
  1272 | D:2      | Reached skill level 1 in Maces & Flails
  1272 | D:2      | Reached skill level 1 in Polearms
  1272 | D:2      | Reached skill level 1 in Staves
  1272 | D:2      | Reached skill level 1 in Ranged Weapons
  1272 | D:2      | Reached skill level 1 in Throwing
  1272 | D:2      | Reached skill level 1 in Armour
  1272 | D:2      | Reached skill level 1 in Stealth
  1272 | D:2      | Reached skill level 1 in Shields
  1272 | D:2      | Reached skill level 1 in Unarmed Combat
  1272 | D:2      | Reached skill level 1 in Evocations
  1299 | D:2      | Killed Robin
  1300 | D:2      | Reached XP level 4. HP: 10/34 MP: 0/8
  1971 | D:2      | Reached skill level 1 in Conjurations
  1971 | D:2      | Reached skill level 1 in Hexes
  1971 | D:2      | Reached skill level 1 in Summonings
  1971 | D:2      | Reached skill level 1 in Necromancy
  1971 | D:2      | Reached skill level 1 in Translocations
  1971 | D:2      | Reached skill level 1 in Transmutations
  1971 | D:2      | Reached skill level 1 in Ice Magic
  1971 | D:2      | Reached skill level 1 in Air Magic
  1971 | D:2      | Reached skill level 1 in Earth Magic
  1971 | D:2      | Reached skill level 1 in Poison Magic
  2399 | D:3      | Mangled by a gnoll

Illustrated notes

Levels and vault maps discovered:
D:1:      amcnicky_arrival_underground_garden, layout_loops_corners,
          serial_forest, infiniplex_forest_lined_corner,
          infiniplex_forest_lined_4_way, infiniplex_forest_straight_3,
          infiniplex_forest_end_1, infiniplex_forest_lined_corner,
          infiniplex_forest_clump_long, infiniplex_forest_straight_2,
          infiniplex_forest_clump_large, infiniplex_forest_lined_3_way
D:2:      layout_basic, basic_altar, corner_web_ring, st_stairs_14,
          minmay_misc_feat_four_crosses, kennysheep_potato, uniq_robin
D:3:      layout_basic, lemuel_crystal_altar, minmay_unequal,
          uniq_crazy_yiuf_cottage

Skill      XL: |  1  2  3  4 |
---------------+-------------+-----
Invocations    | 1 |  1.3
Short Blades   | 1 |  1.2
Long Blades    | 1 |  1.2
Maces & Flails | 1 |  1.2
Polearms       | 1 |  1.2
Staves         | 1 |  1.2
Ranged Weapons | 1 |  1.2
Throwing       | 1 |  1.2
Armour         | 1 |  1.2
Stealth        | 1 |  1.2
Shields        | 1 |  1.2
Unarmed Combat | 1 |  1.2
Evocations     | 1 |  1.2
Spellcasting   | 3 |  3.0
Conjurations   | 1 |  1.0
Hexes          | 1 |  1.0
Summonings     | 1 |  1.0
Necromancy     | 1 |  1.0
Translocations | 1 |  1.0
Transmutations | 1 |  1.0
Ice Magic      | 1 |  1.0
Air Magic      | 1 |  1.0
Earth Magic    | 1 |  1.0
Poison Magic   | 1 |  1.0
Fighting       | |  2.8
Axes           | |  2.8
Dodging        | |  6.6
Fire Magic     | |  7.1

Action                   |  1- 3 |  4- 6 || total
-------------------------+-------+-------++-------
Melee: Hand axe          |    85 |    25 ||   110
       Punch             |     1 |       ||     1
       Bite              |    11 |     4 ||    15
 Cast: Foxfire           |    29 |    22 ||    51
  Use: Potion            |       |     1 ||     1
 Stab: Sleeping          |     3 |       ||     3
Armor: Leather armour    |    28 |     4 ||    32
Dodge: Dodged            |    90 |    27 ||   117

Table legend: (Time is in decaauts)
 A = Elapsed time spent in this place.
 B = Non-inter-level travel time spent in this place.
 C = Inter-level travel time spent in this place.
 D = Time resting spent in this place.
 E = Time spent auto-exploring this place.
 F = Levels seen in this place.
 G = Mean time per level.
                   A        B        C        D        E       F      G
               +--------+--------+--------+--------+--------+-----+--------+
         Total |   2416 |   2342 |     74 |    167 |   1783 |   3 |  805.3 |
       Dungeon |   2416 |   2342 |     74 |    167 |   1783 |   3 |  805.3 |
               +--------+--------+--------+--------+--------+-----+--------+

Top non-repeatable levels by time:
     D:2: 1223 daAuts
     D:1: 1186 daAuts
     D:3: 5 daAuts
